 Dungeon Crawl Stone Soup version 0.22-a0-480-g991dd4b (webtiles) character file.

254 KillYourself the Slasher (level 5, 0/41 HPs)
             Began as a Demonspawn Abyssal Knight on June 16, 2018.
             Was a Believer of Lugonu.
             Succumbed to a worker ant's poison
             ... on level 4 of the Dungeon.
             The game lasted 00:10:40 (2400 turns).

KillYourself the Slasher (DsAK)                     Turns: 2400, Time: 00:10:41

Health: 0/41       AC:  8    Str: 13    XL:     5   Next: 91%
Magic:  1/6        EV: 15    Int: 14    God:    Lugonu [**....]
Gold:   140        SH:  0    Dex: 17    Spells: 4/4 levels left

rFire    . . .     SeeInvis .   a - +2 falchion
rCold    . . .     Gourm    .   (no shield)
rNeg     + . .     Faith    .   e - +1 ring mail {MR+}
rPois    .         Spirit   +   (helmet restricted)
rElec    .         Reflect  .   (no cloak)
rCorr    .         Harm     .   g - +0 pair of gloves
MR       +....                  j - +0 pair of boots
Stlth    ++........             o - amulet of guardian spirit
HPRegen  0.13/turn              n - ring of positive energy
MPRegen  0.10/turn              (no ring)

@: agile, lethally poisoned (0 -> -9)
A: claws 1, hooves 1, horns 1, powered by death 1
a: Depart the Abyss, Bend Space, Renounce Religion


You were on level 4 of the Dungeon.
You worshipped Lugonu.
Lugonu was pleased with you.
You were not hungry.

You visited 1 branch of the dungeon, and saw 4 of its levels.
You visited the Abyss 1 time.

You collected 140 gold pieces.

Inventory:

Hand Weapons
 a - a +2 falchion (weapon)
Armour
 b - a +0 leather armour
 e - a +1 ring mail of magic resistance (worn)
 g - a +0 pair of gloves (worn)
 j - a +0 pair of boots (worn)
Jewellery
 h - an uncursed ring of see invisible {unknown}
 n - a ring of positive energy (left hand)
 o - an amulet of guardian spirit (around neck)
Scrolls
 d - 2 scrolls of remove curse
 m - a scroll of immolation {unknown}
Potions
 f - a potion of curing
Comestibles
 c - 5 rations
 i - 2 chunks of flesh


   Skills:
 + Level 3.5 Fighting
 * Level 4.8 Long Blades
 + Level 2.9 Armour
 - Level 0.8 Dodging
 - Level 2.4 Invocations


You had 4 spell levels left.
You didn't know any spells.
Your spell library was empty.

Dungeon Overview and Level Annotations

Branches:
Dungeon (4/15)
 Temple: D:4-7

Altars:
Gozag
Yredelemnul

Annotations:
D:4 Dowan, Duvessa, Grinder, Ijyb


Innate Abilities, Weirdness & Mutations

You have sharp fingernails.
You have large cloven feet.
You have a pair of small horns on your head.
You regenerate a little health from kills.


Message History

The worker ant bites you but does no damage.
There is an open door here.
Grinder blinks!
The worker ant closely misses you.
You feel sick. The worker ant misses you.
You feel sick. The worker ant bites you.
* * * LOW HITPOINT WARNING * * *
Found a leather armour and 6 gold pieces.
A quokka comes into view.
A quokka skeleton comes into view.
Found a dagger.
You feel sick. The worker ant bites you.
* * * LOW HITPOINT WARNING * * *
You are lethally poisoned!
The worker ant poisons you!
* * * LOW HITPOINT WARNING * * *
You feel sick.
* * * LOW HITPOINT WARNING * * *
You feel sick.
You open the door.
You die...

## ###.. ##).. ##..# .#
.# ##.@'# .#..# #.a##.#
.#.# #.## .##...# #o.##
##...#
#...###..#.#######
......[#..#............
.....####....##......###
.....
######'##........#. $..r
+.............P.P...


You could see a worker ant and an orc.

Vanquished Creatures
  A centaur zombie (D:4)
  2 worker ants (D:4)
  3 gnolls (D:2)
  7 adders
  2 worms (D:3)
  4 leopard geckos
  4 orcs (D:3)
  6 giant cockroaches
  11 goblins
  2 hobgoblins
  4 jackals (D:3)
  A quokka (D:2)
  7 bats
  3 frilled lizards
  11 kobolds
  8 rats
76 creatures vanquished.

Notes
Turn   | Place    | Note
-------+----------+-------------------------------------------
     0 | Abyss:1  | KillYourself the Demonspawn Abyssal Knight began the quest for the Orb.
     0 | Abyss:1  | Reached XP level 1. HP: 18/18 MP: 2/2
    52 | Abyss:1  | Noticed an ancient zyme
    54 | D:1      | Escaped the Abyss
    98 | D:1      | Reached skill level 2 in Long Blades
   102 | D:1      | Reached * piety under Lugonu
   341 | D:1      | Gained mutation: You regenerate a little health from kills. [demonic ancestry]
   341 | D:1      | Reached XP level 2. HP: 24/24 MP: 3/3
   955 | D:2      | Gained mutation: You have large cloven feet. [demonic ancestry]
   955 | D:2      | Reached XP level 3. HP: 29/29 MP: 4/4
   975 | D:2      | Reached skill level 3 in Long Blades
   985 | D:2      | Gained mutation: You have sharp fingernails. [demonic ancestry]
   985 | D:2      | Reached XP level 4. HP: 16/35 MP: 5/5
  1441 | D:2      | Reached ** piety under Lugonu
  1596 | D:3      | Reached skill level 4 in Long Blades
  1749 | D:3      | Gained mutation: You have a pair of small horns on your head. [demonic ancestry]
  1749 | D:3      | Reached XP level 5. HP: 41/41 MP: 6/6
  2114 | D:4      | Found an opulent altar of Gozag.
  2340 | D:4      | Noticed Duvessa
  2341 | D:4      | Noticed Dowan
  2341 | D:4      | Noticed Ijyb
  2355 | D:4      | HP: 2/41 [poisoned by a worker ant]
  2379 | D:4      | Found a basalt altar of Yredelemnul.
  2379 | D:4      | Noticed Grinder
  2397 | D:4      | HP: 2/41 [worker ant (3)]
  2400 | D:4      | Succumbed to a worker ant's poison

Vault maps used:
D:1:      saegor_arrival_simple_d
D:2:      minmay_cupped
D:4:      chequers_temple_overflow_minitemple, yredelemnul_altar_generic,
          grunt_gozag_breadcrumbs, enter_ossuary_5, first_ration,
          lemuel_statue_altar, uniq_duvessa, uniq_eustachio, uniq_ijyb,
          uniq_grinder

Skill      XL: |  1  2  3  4 |
---------------+-------------+-----
Long Blades    | 2 3 4 |  4.8
Armour         | 2 |  2.9
Fighting       | |  3.5
Dodging        | |  0.8
Invocations    | |  2.4

Action                   |  1- 3 |  4- 6 || total
-------------------------+-------+-------++-------
Melee: Falchion          |    86 |   146 ||   232
       Kick              |     7 |     3 ||    10
       Headbutt          |       |    12 ||    12
Invok: Depart the Abyss  |     1 |       ||     1
       Bend Space        |       |     2 ||     2
  Use: Scroll            |       |     6 ||     6
       Potion            |       |     3 ||     3
  Eat: Chunk             |       |     5 ||     5
Armor: Leather armour    |     2 |       ||     2
       Ring mail         |    53 |    88 ||   141
Dodge: Dodged            |    49 |   104 ||   153
       Rpst.: Falchion   |    23 |    35 ||    58

Table legend:
 A = Spawn XP
 B = Non-spawn XP
 C = Spawn XP percentage of total XP
 D = Spawn monster count
 E = Non-spawn monster count
 F = Spawn count percentage of total count
 G = Total turns spent on level
                    A         B        C        D         E        F      G
               +---------+---------+-------+---------+---------+-------+---------
         Total |       0 |     364 |   0.0 |       0 |      76 |   0.0 |  2400
               +---------+---------+-------+---------+---------+-------+---------
           D:1 |       0 |      36 |   0.0 |       0 |      23 |   0.0 |   845
           D:2 |       0 |     134 |   0.0 |       0 |      24 |   0.0 |   582
           D:3 |       0 |      69 |   0.0 |       0 |      25 |   0.0 |   583
           D:4 |       0 |     125 |   0.0 |       0 |       4 |   0.0 |   336
               +---------+---------+-------+---------+---------+-------+---------
